[Event "*** Titled Tuesday 3|2 Blitz"]
[Site "Chess.com"]
[Date "2017.03.07"]
[Round "3"]
[White "JaimeSantosLatasa"]
[Black "AnthonyWirig"]
[Result "0-1"]
[WhiteElo "2593"]
[BlackElo "2567"]
[TimeControl "180+2"]
[EndTime "13:38:07 PST"]
[Termination "AnthonyWirig won by resignation"]

1. d4 Nf6 2. c4 Nc6 3. Nf3 d6 4.
d5 Ne5 5. Nd4 g6 6. Nc3 Bg7 7. e4 c5 8. Nc2 O-O 9. Be2 a6 10. a4 Ne8 11. O-O e6 12. Be3 exd5 13. cxd5 Nf6 14. f3 Re8 15. a5 Bd7 16. b4 cxb4 17.
Nxb4 Rc8 18. Ra3 Nc4 19. Bxc4 Rxc4 20. Nba2 Qe7 21. Rb3 Rec8 22. Qd2 Qd8 23. Rb6 Be8 24. Rc1 Nd7 25. Rxb7 Qxa5 26. Rb3 Nc5 27. Bxc5 Qxc5+ 28. Kh1 Ba4 29. Rb4 Bxc3 30. Rxc3 Rxc3 0-1

[Event "*** Titled Tuesday 3|2 Blitz"]
[Site "Chess.com"]
[Date "2017.03.07"]
[Round "3"]
[White "coalescenet"]
[Black "AungTZ"]
[Result "1-0"]
[WhiteElo "2249"]
[BlackElo "2060"]
[TimeControl "180+2"]
[EndTime "13:38:14 PST"]
[Termination "coalescenet won on time"]

1. d4 Nf6 2. c4 e6 3. Nf3 b6 4. g3 Ba6 5. Nbd2 Be7 6. Bg2 O-O 7. O-O d5 8. Ne5 c5 9. cxd5 exd5 10.
Ndf3 h6 11. b3 Bd6 12. Bb2 Re8 13. Re1 Bb7 14. Rc1 Nc6 15. Nxc6 Bxc6 16. Nh4 Qd7 17. Ba3 cxd4 18. Bxd6 Qxd6 19. Nf5 Qe5 20. Nxd4 Bd7 21.
e3 Rac8 22. Qd3 Ne4 23. Qa6 Qf6 24. f4 Rxc1 25. Rxc1 1-0

[Event "*** Titled Tuesday 3|2 Blitz"]
[Site "Chess.com"]
[Date "2017.03.07"]
[Round "3"]
[White "ShimanovAlex"]
[Black "GMMarcinDziuba"]
[Result "1-0"]
[WhiteElo "2652"]
[BlackElo "2458"]
[TimeControl "180+2"]
[EndTime "13:38:18 PST"]
[Termination "ShimanovAlex won by checkmate"]

1. d4 Nf6 2. Bf4 g6 3. Nc3 Bg7 4. Qd2 d6 5. O-O-O h5 6. e4 c6 7.
Nf3 Bg4 8. Be2 b5 9. e5 b4 10. exf6 bxc3 11. Qxc3 Bxf6 12. h3 Be6 13. Bc4 Bxc4 14. Qxc4 Nd7 15. g4 Qb6 16. Rhe1 c5 17. Bg5 hxg4 18. hxg4 Kf8 19. Bxf6 Nxf6 20.
dxc5 Qxc5 21. Qxc5 dxc5 22. g5 Ng8 23. Rd7 Rh3 24.
Ne5 Rh2 25. f4 Rf2 26. Re4 a5 27. b3 Rb8 28. Rd5 Rb4 29. Nc4 f5 30. Re6 Kf7 31. Ra6 Rxf4 32. Ne5+ Kg7 33. Rxg6+ Kh7 34. Rd8 Rbe4 35.
Rdxg8 Rxe5 36. R6g7# 1-0

[Event "*** Titled Tuesday 3|2 Blitz"]
[Site "Chess.com"]
[Date "2017.03.07"]
[Round "3"]
[White "1e41-0"]
[Black "LuckyTiger"]
[Result "1-0"]
[WhiteElo "2329"]
[BlackElo "2471"]
[TimeControl "180+2"]
[EndTime "13:38:19 PST"]
[Termination "1e41-0 won by resignation"]

1. e4 c5 2. Nf3 d6 3. d4 Nf6 4.
Nc3 cxd4 5. Nxd4 a6 6. h3 e5 7.
Nde2 h5 8. Bg5 Be6 9. g3 Nbd7 10.
Bg2 Be7 11. O-O Rc8 12. Qd2 b5 13. a3 Nb6 14. Rad1 Nc4 15. Qc1 Qd7 16. b3 Nb6 17. Qd2 Bxh3 18. f4 Bxg2 19. Kxg2 Qc6 20. Bxf6 gxf6 21.
f5 Bf8 22. Rh1 Ke7 23. Qd3 Qb7 24. Qe3 Ke8 25. Qf3 d5 26. exd5 b4 27. axb4 Bxb4 28. Ne4 Rxc2 29. Nxf6+ Kd8 30. Qe4 Rb2 31. Rb1 Rxb1 32.
Rxb1 Be7 33. d6 Qxe4+ 34. Nxe4 Bf8 35. Ra1 Kc8 36. Rxa6 Kb7 37. Ra5 Rh6 38. f6 h4 39. Rxe5 hxg3 40. N2xg3 Kc6 41. Nf5 Rg6+ 42.
Kf3 Nd7 43. Re8 Bh6 44. Ne7+ 1-0

[Event "*** Titled Tuesday 3|2 Blitz"]
[Site "Chess.com"]
[Date "2017.03.07"]
[Round "3"]
[White "chito89"]
[Black "GeorgMeier"]
[Result "0-1"]
[WhiteElo "2517"]
[BlackElo "2735"]
[TimeControl "180+2"]
[EndTime "13:38:21 PST"]
[Termination "GeorgMeier won by resignation"]

1. e4 e6 2. Qe2 c5 3. g3 Nc6 4.
c3 Nf6 5. Bg2 d5 6. d3 Be7 7. Nf3 O-O 8. e5 Nd7 9. h4 b6 10. h5 h6 11. Bf4 Re8 12. c4 Bb7 13.
Nc3 Nd4 14. Nxd4 cxd4 15. Nb5 Nc5 16. O-O dxc4 17. dxc4 a6 18. Bxb7 Nxb7 19. Na3 Bxa3 20. bxa3 Nc5 21. Rfd1 Re7 22. Qg4 Kh8 23. Be3 d3 24.
Rd2 Rd7 25. Rad1 Rc8 26. Bxc5 Rxc5 27. Qe4 Qc7 28. Rxd3 Rxd3 29. Rxd3 Rxe5 30. Qf4 Re1+ 31. Kg2 Qxf4 32. gxf4 Re4 33. Kf3 Rxc4 34. Rd8+ Kh7 35. Rd3 Ra4 36. Kg3 b5 37. f3 g6 38. hxg6+ Kxg6 39. Kg4 e5 40. Rd6+ f6 41. Kg3 exf4+ 42. Kg4 h5+ 43. Kh3 Rxa3 0-1

[Event "*** Titled Tuesday 3|2 Blitz"]
[Site "Chess.com"]
[Date "2017.03.07"]
[Round "3"]
[White "VeraNebolsina"]
[Black "Beca95"]
[Result "0-1"]
[WhiteElo "1690"]
[BlackElo "2683"]
[TimeControl "180+2"]
[EndTime "13:38:29 PST"]
[Termination "Beca95 won by resignation"]

1. e4 d6 2. d4 Nf6 3. Bd3 e5 4.
c3 d5 5. dxe5 Nxe4 6. Nf3 Nc6 7.
Bxe4 dxe4 8. Qxd8+ Nxd8 9. Ng5 Bf5 10. Nd2 e3 11. Nc4 exf2+ 12. Kxf2 h6 13. Nf3 Be6 14. Na5 b6 15. Nb3 c5 16. Nbd2 Bd5 17. Re1 Ne6 18. Ne4 O-O-O 19. a4 Be7 20. a5 Kb7 21. Ng3 g6 22.
Be3 h5 23. Ne2 g5 24. Nd2 h4 25. c4 Bc6 26. Nc3 Nd4 27. Bxd4 Rxd4 28. Ke3 g4 29. Nde4 Rh5 30. Kf4 Bd7 31. Ke3 Rxe5 32. Kf2 Rf5+ 33. Kg1 Bc6 34. Nf2 Bg5 35. Nfd1 Rxc4 36.
Ne3 Bxe3+ 37. Rxe3 Rd4 38. axb6 axb6 39. Rf1 Rxf1+ 40.
Kxf1 Rd2 41. Re7+ Ka6 42. Re2 Bb5 43. Nxb5 Rxe2 44. Nc7+ Kb7 45. Kxe2 Kxc7 46. Ke3 b5 47. Kf4 c4 48. Kxg4 b4 49. Kf3 c3 0-1

[Event "*** Titled Tuesday 3|2 Blitz"]
[Site "Chess.com"]
[Date "2017.03.07"]
[Round "3"]
[White "capatl"]
[Black "poummba"]
[Result "1-0"]
[WhiteElo "2349"]
[BlackElo "2353"]
[TimeControl "180+2"]
[EndTime "13:38:29 PST"]
[Termination "capatl won by resignation"]

1. c4 g6 2. Nc3 Bg7 3. Nf3 d6 4. d4 e5 5. dxe5 dxe5 6. Qxd8+ Kxd8 7. Bg5+ f6 8. O-O-O+ Nd7 9. Bd2 Nh6 10. Bxh6 Bxh6+ 11. e3 c6 12. Ne4 Ke7 13. h4 Nb6 14. h5 Bg4 15. hxg6 hxg6 16. Be2 f5 17. Nc5 Bg7 18. Rhe1 Rab8 19. b3 Rhd8 20. Rxd8 Kxd8 21. Ne6+ Ke7 22. Nxg7 Kf7 23. Nxf5 Bxf5 24. Nxe5+ Ke6 25. f4 Rh8 26. Bf3 Kf6 27. Rd1 Rh2 28. Rd8 a5 29. Rb8 a4 30. Rxb7 axb3 31. axb3 1-0

[Event "*** Titled Tuesday 3|2 Blitz"]
[Site "Chess.com"]
[Date "2017.03.07"]
[Round "3"]
[White "GulamaliRises"]
[Black "ZEN-22"]
[Result "0-1"]
[WhiteElo "2511"]
[BlackElo "2356"]
[TimeControl "180+2"]
[EndTime "13:38:34 PST"]
[Termination "ZEN-22 won by resignation"]

1. e4 c5 2. Nf3 Nf6 3. e5 Nd5 4.
Nc3 Nb4 5. a3 N4c6 6. Bc4 a6 7.
O-O b5 8. Bd5 e6 9. Bxc6 Nxc6 10. Re1 Qc7 11. d3 Be7 12. Bf4 f5 13. exf6 Qxf4 14. fxe7 Bb7 15. Ne4 c4 16. dxc4 Kxe7 17. c5 Na5 18. Qe2 Nc4 19. b3 Ne5 20. Nxe5 Qxe5 21.
b4 Bxe4 22. Qxe4 Qxe4 23. Rxe4 a5 24. Rd1 axb4 25. axb4 Ra2 26. Red4 Rd8 27. c3 Rc2 28. R4d3 d5 29. cxd6+ Kd7 30. Rf3 Kc6 31. Rfd3 Kd7 32. g3 Rf8 33. R1d2 Rxd2 34. Rxd2 Rf3 35. Ra2 Kxd6 36.
Ra5 Kc6 37. Ra7 Rxc3 38. Rd7 Kxd7 0-1

[Event "*** Titled Tuesday 3|2 Blitz"]
[Site "Chess.com"]
[Date "2017.03.07"]
[Round "3"]
[White "Vrolijk"]
[Black "Grootneus"]
[Result "1-0"]
[WhiteElo "2316"]
[BlackElo "2139"]
[TimeControl "180+2"]
[EndTime "13:38:35 PST"]
[Termination "Vrolijk won by resignation"]

1. d4 Nf6 2. c4 c5 3. d5 e6 4. Nc3 exd5 5. cxd5 d6 6. e4 g6 7. f4 Bg7 8. Bb5+ Nfd7 9. Bd3 O-O 10. Nf3 a6 11. a4 Re8 12. O-O Nf6 13.
h3 Nbd7 14. Be3 b5 15. axb5 c4 16. Bc2 Bb7 17. bxa6 Rxa6 18. Rxa6 Bxa6 19. Nd4 Qb8 20. Qc1 Bb7 21. Bf2 Nc5 22. Re1 Ba8 23. Nf3 Nb3 24. Qd1 Na5 25. Ba4 Re7 26. e5 Nh5 27. Qd2 Bh6 28. g3 Rb7 29. e6 Rxb2 30. e7 Rxd2 31. e8=Q+ Kg7 32. Qxb8 1-0

[Event "*** Titled Tuesday 3|2 Blitz"]
[Site "Chess.com"]
[Date "2017.03.07"]
[Round "3"]
[White "B-man"]
[Black "oskariot"]
[Result "1-0"]
[WhiteElo "2509"]
[BlackElo "2409"]
[TimeControl "180+2"]
[EndTime "13:38:50 PST"]
[Termination "B-man won by resignation"]

1. d4 Nf6 2. Nc3 d5 3. Bf4 e6 4. e3 c5 5. a3 Bd6 6. Bg3 Nc6 7. Nf3 O-O 8. Bd3 b6 9. Ne5 Bb7 10. O-O g6 11. Nxc6 Bxc6 12. Be5 Bxe5 13. dxe5 Nd7 14. f4 f6 15. Qg4 f5 16. Qh3 d4 17.
Ne2 dxe3 18. Qxe3 Qc7 19. Bc4 Rfe8 20. Rfd1 Nf8 21. Rd6 Qb7 22. Qf2 Rad8 23. Rad1 Rxd6 24. Rxd6 Kf7 25. Nc3 Kg8 26. a4 Kg7 27. b3 Kg8 28.
Nd1 Re7 29. Ne3 Qc7 30. h3 Rf7 31. Qh4 Qe7 32. Qxe7 1-0

[Event "*** Titled Tuesday 3|2 Blitz"]
[Site "Chess.com"]
[Date "2017.03.07"]
[Round "3"]
[White "Abrito99"]
[Black "ZapataCharlesS"]
[Result "0-1"]
[WhiteElo "2375"]
[BlackElo "2634"]
[TimeControl "180+2"]
[EndTime "13:38:51 PST"]
[Termination "ZapataCharlesS won by resignation"]

1. e4 e5 2. Nf3 Nc6 3. Bc4 Bc5 4. c3 Nf6 5. d3 O-O 6. O-O a5 7. Nbd2 d6 8. h3 Ne7 9. Re1 Ng6 10. Nf1 Be6 11.
Bxe6 fxe6 12. Qb3 Qc8 13. d4 exd4 14. cxd4 Bb6 15. Ng3 Kh8 16. Be3 a4 17. Qc2 d5 18.
e5 Ng8 19. Ng5 N8e7 20. h4 h6 21. h5 hxg5 22. hxg6 Qe8 23. Bxg5 Bxd4 24. Be3 Bxe3 25. Rxe3 Qxg6 26. Qxc7 Nf5 27. Nxf5 Rxf5 28. Rg3 Qf7 29. Rc1 Rxf2 30. Qb6 Rf8 31. Rc7 Rf1+ 32. Kh2 Qf4 33. Rxg7 Qc1 34. R3g4 Rh1+ 35. Kg3 Qe1+ 0-1

[Event "*** Titled Tuesday 3|2 Blitz"]
[Site "Chess.com"]
[Date "2017.03.07"]
[Round "3"]
[White "Paralinch"]
[Black "Feegus"]
[Result "1-0"]
[WhiteElo "2610"]
[BlackElo "2378"]
[TimeControl "180+2"]
[EndTime "13:38:53 PST"]
[Termination "Paralinch won by resignation"]

1. e4 e6 2. d4 d5 3. Nd2 c5 4.
Ngf3 cxd4 5. Nxd4 Nf6 6. exd5 Nxd5 7. N2f3 Bb4+ 8. Bd2 Bxd2+ 9. Qxd2 O-O 10. Bc4 Nb6 11. Bb3 a6 12. O-O N8d7 13. c3 Nf6 14. Rad1 Qc7 15. Qg5 h6 16. Qe5 Qxe5 17. Nxe5 Nbd7 18. Ndf3 Nc5 19. Bc2 Bd7 20. Nxd7 Ncxd7 21. Rd4 Rac8 22. Rfd1 Nb8 23. Ne5 Nc6 24. Nxc6 Rxc6 25. Rd6 Rxd6 26. Rxd6 Rc8 27. Bd1 Kf8 28. Bf3 Rc7 29. Rb6 Nd5 30. Bxd5 exd5 31. Kf1 Ke7 32. Ke2 d4 33. cxd4 Rc2+ 34.
Ke3 Rc7 35. d5 Rd7 36. Kd4 Kd8 37. d6 g6 38. Ke5 Kc8 39. Rb3 b5 40. Rc3+ Kd8 41.
Rc7 1-0

[Event "*** Titled Tuesday 3|2 Blitz"]
[Site "Chess.com"]
[Date "2017.03.07"]
[Round "3"]
[White "SabinaFoisor"]
[Black "StellarChessPro"]
[Result "1-0"]
[WhiteElo "2193"]
[BlackElo "2341"]
[TimeControl "180+2"]
[EndTime "13:38:54 PST"]
[Termination "SabinaFoisor won by resignation"]

1. d4 d5 2. c4 e6 3. Nc3 c6 4. e3 Nf6 5. Nf3 Nbd7 6. Qc2 Bd6 7.
g4 Nxg4 8. Rg1 Nxh2 9. Nxh2 Bxh2 10. Rxg7 Nf8 11. Rg2 Bd6 12. Bd2 h5 13. O-O-O h4 14. e4 dxe4 15. Nxe4 Be7 16. Bf4 Ng6 17. Bh2 h3 18.
Rg1 Qa5 19. Kb1 e5 20. dxe5 Nxe5 21. Be2 Ng6 22. Bg4 Bxg4 23. Rxg4 Rd8 24. Rgg1 Rxd1+ 25. Rxd1 O-O 26. Rg1 Qf5 27. Ng3 Qxc2+ 28. Kxc2 Bd6 29. Rh1 Ne5 30. Nf5 Bb8 31. Rg1+ Kh8 32. Rg3 Kh7 33. Rxh3+ Kg6 34. Ne3 f5 35. Bf4 Ng4 36.
Bxb8 Rxb8 37. Rf3 Rf8 38. Nxg4 fxg4 39. Rxf8 1-0

[Event "*** Titled Tuesday 3|2 Blitz"]
[Site "Chess.com"]
[Date "2017.03.07"]
[Round "3"]
[White "PlotnikovPavel"]
[Black "Buffy7"]
[Result "0-1"]
[WhiteElo "2309"]
[BlackElo "2499"]
[TimeControl "180+2"]
[EndTime "13:38:57 PST"]
[Termination "Buffy7 won by resignation"]

1. d4 Nf6 2. Nf3 e6 3. g3 d5 4. Bg2 Be7 5. O-O O-O 6. Nbd2 b6 7. b3 c6 8. Bb2 Bb7 9. c4 a5 10. Qc2 Na6 11. Rac1 Rc8 12. Qb1 Qc7 13. Rfd1 Qb8 14. Ne5 Rfd8 15. e4 Qa8 16. exd5 cxd5 17. cxd5 Bxd5 18.
Bxd5 Qxd5 19. Ndc4 Qb7 20. Ne3 Nb4 21. Rxc8 Rxc8 22.
Ba3 Nbd5 23. Bxe7 Nc3 24. Qd3 Nxd1 25. Bxf6 Nxe3 26. Qxe3 gxf6 27. Ng4 f5 28. Nf6+ Kf8 29. Qg5 Rc2 30. Nxh7+ Ke8 31. Qg8+ Kd7 32. Qxf7+ Kc8 33. Qxe6+ Kb8 34. Qg8+ Ka7 35. d5 Qe7 36. Kg2 Qe4+ 37.
Kh3 Rxf2 38. Nf6 Qg2+ 39. Kh4 Qxh2+ 40. Kg5 Qxg3+ 41. Kh6 Rh2+ 0-1

[Event "*** Titled Tuesday 3|2 Blitz"]
[Site "Chess.com"]
[Date "2017.03.07"]
[Round "3"]
[White "escher"]
[Black "hsskoo"]
[Result "1-0"]
[WhiteElo "2068"]
[BlackElo "1917"]
[TimeControl "180+2"]
[EndTime "13:39:05 PST"]
[Termination "escher won by resignation"]

1. e4 c5 2. Nf3 Nc6 3. d4 cxd4 4.
Nxd4 d6 5. Nc3 a6 6. Nxc6 b6 7. Nxd8 Kxd8 8. Qd5 Rb8 9. Be3 Be6 10. Bxb6+ Rxb6 11. Qa5 Kc7 12. Na4 Nf6 13. Qxb6+ Kd7 14. Bxa6 Bg4 15.
Qb5+ Ke6 16. Bc8+ Nd7 17. Qxd7+ Kf6 18. Qxg4 e6 19. f4 h6 20. Qh4+ Kg6 21. O-O-O Kh7 22. g4 g6 23. g5 h5 24. e5 dxe5 25. Rd7 Bg7 26. Ba6 Rf8 27. Nc5 e4 28. Bc4 Kh8 29. Bxe6 e3 30. Bxf7 Rb8 31. c3 Ra8 32. Bxg6 1-0

[Event "*** Titled Tuesday 3|2 Blitz"]
[Site "Chess.com"]
[Date "2017.03.07"]
[Round "3"]
[White "Vamostodorecto"]
[Black "AlexanderL"]
[Result "0-1"]
[WhiteElo "2381"]
[BlackElo "2589"]
[TimeControl "180+2"]
[EndTime "13:39:09 PST"]
[Termination "AlexanderL won by resignation"]

1. d4 e6 2. c4 b6 3. a3 Bb7 4. Nc3 f5 5. d5 Nf6 6. g3 Bd6 7. Nf3 O-O 8. Bg2 a5 9. O-O Na6 10. e4 fxe4 11. Ng5 exd5 12. cxd5 Nc5 13. Ngxe4 Be5 14. Nxc5 bxc5 15. Qb3 Ba6 16. Re1 Bd4 17.
d6+ c4 18. Qd1 c5 19. Be3 Qb6 20. Qd2 Rae8 21. Rad1 Bxe3 22. Rxe3 Rxe3 23. Qxe3 Qxb2 24. h3 Re8 25. Qf3 Bb7 26. Qxb7 Qxc3 27. Bd5+ Kf8 28. Kg2 Qc2 29. Rf1 Nxd5 30. Qxd5 Qe4+ 31. Qxe4 Rxe4 32. Kf3 Rd4 33. Rc1 Kf7 34. Ke3 Ke6 35. Rb1 Kxd6 36. Rb6+ Kd5 37. Rb7 Kc6 38. Ra7 Rd3+ 39. Ke4 Rxa3 40.
Ra6+ Kb5 41. Rd6 Rd3 42. Rxd3 cxd3 43. Kxd3 c4+ 0-1

[Event "*** Titled Tuesday 3|2 Blitz"]
[Site "Chess.com"]
[Date "2017.03.07"]
[Round "3"]
[White "Marreuh"]
[Black "FrankieJay"]
[Result "0-1"]
[WhiteElo "2088"]
[BlackElo "2290"]
[TimeControl "180+2"]
[EndTime "13:39:11 PST"]
[Termination "FrankieJay won by resignation"]

1. e4 c5 2. Nf3 d6 3. d4 cxd4 4.
Nxd4 Nf6 5. Nc3 a6 6. Bg5 Nbd7 7. Qe2 h6 8. Bh4 g6 9. O-O-O Bg7 10. f4 e5 11. Nf3 Qc7 12. Nd5 Nxd5 13. exd5 O-O 14. fxe5 Nxe5 15. Nxe5 Bxe5 16. Qd2 Bg7 17. Kb1 Bf5 18. Bd3 Qb6 19. c3 Bxd3+ 20. Qxd3 Rac8 21. Rhe1 Rxc3 22. Qd2 Rfc8 23. Bf2 Qb4 24. Re2 Qb5 25. Bd4 Bxd4 26. Qxd4 Qxe2 27. bxc3 Rxc3 28. Qxc3 Qxd1+ 29. Kb2 Qxd5 30. Qc8+ Kg7 31. Kb1 Qb5+ 32. Ka1 Qf1+ 33. Kb2 Qxg2+ 34. Kb3 Qc6 35. Qh3 d5 36. a4 Qc4+ 37.
Ka3 d4 38. a5 Qc3+ 39. Ka2 Qxh3 0-1

[Event "*** Titled Tuesday 3|2 Blitz"]
[Site "Chess.com"]
[Date "2017.03.07"]
[Round "3"]
[White "cheese111"]
[Black "Outsmiter"]
[Result "1-0"]
[WhiteElo "2273"]
[BlackElo "2080"]
[TimeControl "180+2"]
[EndTime "13:39:12 PST"]
[Termination "cheese111 won by resignation"]

1. e4 d6 2. d4 Nf6 3. Nc3 g6 4. Bg5 Bg7 5. Qd2 h6 6. Bf4 g5 7. Bg3 Nh5 8. Be2 Nxg3 9. hxg3 Nc6 10. d5 Nd4 11. Bd3 e6 12. O-O-O Qf6 13.
f4 Bd7 14. Nf3 Nxf3 15. gxf3 gxf4 16. gxf4 O-O-O 17. Rh5 Kb8 18. Rg1 Rdg8 19. e5 Qe7 20.
Qh2 c6 21. dxe6 Bxe6 22. Rxg7 Rxg7 23. f5 Bxf5 24. Rxf5 d5 25. Ne2 Rg5 26. Rxg5 Qxg5+ 27. f4 Qg4 28. f5 h5 29. e6+ Kc8 30. exf7 Rf8 31. Qd6 Rxf7 32. Qe6+ Kc7 33. Qxf7+ Kb6 34. Qg6 Qf3 35. Qg1+ Kc7 36. Qg3+ Qxg3 37. Nxg3 h4 38. Nh1 1-0

[Event "*** Titled Tuesday 3|2 Blitz"]
[Site "Chess.com"]
[Date "2017.03.07"]
[Round "3"]
[White "DeviatkinAndrey"]
[Black "Jadro9"]
[Result "1/2-1/2"]
[WhiteElo "2535"]
[BlackElo "2392"]
[TimeControl "180+2"]
[EndTime "13:39:14 PST"]
[Termination "Game drawn by agreement"]

1. a3 e5 2. e4 Nf6 3. Nc3 d5 4. exd5 Nxd5 5. Bc4 Be6 6. Qf3 c6 7. Nge2 Bc5 8. Ne4 Be7 9. Qg3 O-O 10. d3 Nd7 11. Bh6 Bf6 12. Nxf6+ Qxf6 13. Bd2 Qe7 14.
O-O b5 15. Bb3 f5 16. f4 e4 17. dxe4 fxe4 18. Nd4 Bf7 19. Nf5 Qf6 20. Bxd5 Qxf5 21.
Bc3 Nf6 22. Bxf7+ Rxf7 23. Rad1 Re8 24. Be5 Nd5 25. Rfe1 e3 26. Re2 Nxf4 27. Bxf4 Qxf4 28. Qxf4 Rxf4 29. Rd3 Rfe4 30. g3 a5 31. Kg2 R4e5 32. Kf3 Rf5+ 33. Kg2 Rd5 34. Rxd5 cxd5 35. c3 b4 36. axb4 axb4 37. Kf3 bxc3 38. bxc3 Kf7 39. Rxe3 Rxe3+ 40. Kxe3 Ke6 41. Kd4 Kd6 42. h3 Ke6 43. Ke3 Ke5 44. Kd3 Ke6 1/2-1/2

[Event "*** Titled Tuesday 3|2 Blitz"]
[Site "Chess.com"]
[Date "2017.03.07"]
[Round "3"]
[White "Izoria123"]
[Black "plouarzel"]
[Result "1-0"]
[WhiteElo "2560"]
[BlackElo "2345"]
[TimeControl "180+2"]
[EndTime "13:39:16 PST"]
[Termination "Izoria123 won by checkmate"]

1. Nf3 Nf6 2. c4 e6 3. g3 a6 4. d3 b5 5. e4 d6 6. Bg2 Bb7 7. b3 c5 8. O-O Be7 9. Nc3 Qb6 10. h3 O-O 11. Be3 Nc6 12. Rb1 Nd4 13. Ne2 e5 14. Nc3 b4 15. Na4 Qc7 16. Nxd4 cxd4 17.
Bd2 a5 18. f4 Nd7 19. h4 Bc6 20. Nb2 Nc5 21. h5 Rab8 22. Qc2 Qd7 23. f5 h6 24. Nd1 Bg5 25. Bxg5 hxg5 26. Nf2 f6 27. Bf3 Kf7 28. Kg2 Rh8 29. Rh1 a4 30. h6 gxh6 31. Bh5+ Ke7 32. Bg6 axb3 33. axb3 Ra8 34. Ng4 Qb7 35.
Kf3 Ra3 36. Nxh6 Qa8 37. Ng4 Ra2 38. Rxh8 Rxc2 39. Rh7+ Kf8 40. Nxf6 Qa2 41. Rf7# 1-0

[Event "*** Titled Tuesday 3|2 Blitz"]
[Site "Chess.com"]
[Date "2017.03.07"]
[Round "3"]
[White "Gordima"]
[Black "wnstop"]
[Result "1-0"]
[WhiteElo "2483"]
[BlackElo "2447"]
[TimeControl "180+2"]
[EndTime "13:39:16 PST"]
[Termination "Gordima won on time"]

1. Nf3 Nf6 2. c3 g6 3. d4 Bg7 4. Bf4 O-O 5. e3 d6 6. h3 b6 7.
Be2 Bb7 8. O-O Nbd7 9. a4 a6 10.
Bh2 c5 11. Nbd2 Ra7 12. Qb3 Qa8 13. Qa3 cxd4 14. exd4 Bh6 15. Nc4 Nd5 16. Ne1 Bf4 17. Bf3 Bxh2+ 18. Kxh2 Nf4 19. a5 Bxf3 20. Nxf3 b5 21.
Ne3 Nf6 22. c4 bxc4 23. Nxc4 Rc7 24. Nb6 Qe4 25. Qe3 Rc2 26. Qxe4 Nxe4 27. b4 Nxf2 28. Rac1 Rxc1 29. Rxc1 N2d3 30. Rb1 Ne6 31. b5 axb5 32. a6 Nc7 33. a7 b4 34. Rb3 Na8 35. Nd5 1-0

[Event "*** Titled Tuesday 3|2 Blitz"]
[Site "Chess.com"]
[Date "2017.03.07"]
[Round "3"]
[White "Schoenbrunn"]
[Black "HouseOfDurin"]
[Result "0-1"]
[WhiteElo "1831"]
[BlackElo "1870"]
[TimeControl "180+2"]
[EndTime "13:39:21 PST"]
[Termination "HouseOfDurin won on time"]

1. e4 c5 2. Nf3 Nc6 3. d4 cxd4 4.
Nxd4 e5 5. Nb5 d6 6. N1c3 a6 7. Na3 b5 8. Nd5 Be6 9. c4 b4 10. Nc2 a5 11. Nce3 Nf6 12. Bd3 Be7 13. O-O O-O 14. Bd2 Nd7 15. Nf5 Bxf5 16. exf5 Nc5 17. Be3 Nxd3 18. Qxd3 Bg5 19. Rad1 Bxe3 20. fxe3 Qg5 21. Rf3 Rad8 22. Rdf1 Rfe8 23. Rg3 Qh4 24. Rff3 e4 25. Qf1 exf3 26. Qxf3 Ne5 27. Qf2 Kh8 28. f6 g6 29. Ne7 Rxe7 30. fxe7 Qxe7 31. Qf4 Rc8 32. h4 Rxc4 33. Qf2 Qxh4 34. b3 Rc1+ 0-1

[Event "*** Titled Tuesday 3|2 Blitz"]
[Site "Chess.com"]
[Date "2017.03.07"]
[Round "3"]
[White "PaulfromSPb"]
[Black "GMOratovsky"]
[Result "0-1"]
[WhiteElo "2527"]
[BlackElo "2413"]
[TimeControl "180+2"]
[EndTime "13:39:25 PST"]
[Termination "GMOratovsky won by checkmate"]

1. e4 d6 2. d4 Nf6 3. Nc3 e5 4.
Nge2 Nbd7 5. f3 c6 6. Be3 Be7 7. Qd2 O-O 8. O-O-O b5 9. Ng3 Re8 10. Nf5 Bf8 11. dxe5 dxe5 12. g4 Qa5 13. g5 b4 14.
Nb1 Nh5 15. Bc4 Nb6 16. Bb3 c5 17. Rhg1 c4 18. Bxb6 Qxb6 19. Bxc4 Bxf5 20. exf5 Bc5 21. Rge1 Rad8 22. g6 hxg6 23. fxg6 Qxg6 24. Qxd8 Rxd8 25.
Rxd8+ Kh7 26. Rxe5 Qg1+ 27. Rd1 Be3+ 28. Nd2 Bxd2+ 29. Kxd2 Qxh2+ 30. Re2 Qf4+ 31. Kd3 Qxf3+ 32. Kd4 g6 33. Rde1 Ng3 34. Re8 Nf5+ 35. Kc5 Qf4 36. R8e4 Qd6+ 37. Kb5 Qb6+ 38. Ka4 Nd6 39. Rh4+ Kg7 40.
Kb3 a5 41. a4 bxa3+ 42. Kxa3 Qb4+ 43. Ka2 Nxc4 44. b3 Qa3+ 45. Kb1 Qb2# 0-1

[Event "*** Titled Tuesday 3|2 Blitz"]
[Site "Chess.com"]
[Date "2017.03.07"]
[Round "3"]
[White "TenisMaster"]
[Black "johnathan113"]
[Result "1-0"]
[WhiteElo "2598"]
[BlackElo "2354"]
[TimeControl "180+2"]
[EndTime "13:39:26 PST"]
[Termination "TenisMaster won by resignation"]

1. e4 g6 2. d4 Nf6 3. e5 Nh5 4.
Nf3 d6 5. Bc4 Nc6 6. Qe2 d5 7. Bb3 Bg4 8. c3 e6 9. h3 Bxf3 10.
Qxf3 Be7 11. Bh6 Bg5 12. Bxg5 Qxg5 13. Nd2 O-O 14. g4 Ng7 15. h4 Qe7 16. Qf6 Qxf6 17. exf6 Ne8 18. g5 h5 19. f4 Nd6 20. Bc2 b5 21.
Bd3 a5 22. a4 bxa4 23. Rxa4 Rfb8 24. Ra2 Rb6 25. Kd1 Rab8 26. Kc2 Nd8 27. Re1 Kf8 28. Nf3 Ke8 29. Ne5 N8b7 30. Nxg6 fxg6 31. Rxe6+ Kf8 32.
Bxg6 c5 33. Bxh5 cxd4 34. cxd4 Nd8 35. Re7 R8b7 36. Rxb7 N6xb7 37. Bf3 Ne6 38. Bxd5 Nxf4 39. Bc4 Nd6 40. b3 Nf5 41. Rxa5 Nxd4+ 42. Kc3 Nde2+ 43. Kd2 Rd6+ 44. Ke3 Rd8 45. Bxe2 1-0

[Event "*** Titled Tuesday 3|2 Blitz"]
[Site "Chess.com"]
[Date "2017.03.07"]
[Round "3"]
[White "bancsoo"]
[Black "Gergo85"]
[Result "1-0"]
[WhiteElo "2628"]
[BlackElo "2429"]
[TimeControl "180+2"]
[EndTime "13:39:27 PST"]
[Termination "bancsoo won on time"]

1. Nf3 d5 2. g3 g6 3. Bg2 Bg7 4. d4 Nf6 5. O-O O-O 6. c4 c6 7. b3 a5 8. Nc3 Ne4 9. Bb2 Nxc3 10. Bxc3 a4 11. e3 Bf5 12. cxd5 cxd5 13. bxa4 Nc6 14. Qb3 Na5 15. Qb4 e6 16. Rfc1 Re8 17. Ne5 Bf8 18. Qb5 Ba3 19. Bb2 Bxb2 20. Qxb2 f6 21. Nf3 Bd3 22. Nd2 Qd7 23. Rc3 Ba6 24. Qb4 Nc4 25.
Nxc4 Bxc4 26. a5 Qb5 27. Qxb5 Bxb5 28. Rc5 Bc4 29. Rb1 Re7 30. a3 Kf7 31. Rb6 Ra7 32.
e4 Rd7 33. exd5 Bxd5 34. Bh3 Ke7 35. Bf1 f5 36. Bb5 1-0

[Event "*** Titled Tuesday 3|2 Blitz"]
[Site "Chess.com"]
[Date "2017.03.07"]
[Round "3"]
[White "eldur16"]
[Black "FearlessKing64"]
[Result "1-0"]
[WhiteElo "2318"]
[BlackElo "2119"]
[TimeControl "180+2"]
[EndTime "13:39:30 PST"]
[Termination "eldur16 won by resignation"]

1. e4 c5 2. b3 Nf6 3. e5 Nd5 4.
Nf3 Nc6 5. Bb2 e6 6. c4 Nc7 7. Be2 d6 8. exd6 Bxd6 9. O-O e5 10. Nc3 O-O 11. Ne4 f6 12. Nxd6 Qxd6 13. d3 Bg4 14. h3 Bh5 15. Nd2 Bg6 16. Ne4 Qe7 17. a3 Rad8 18. Qc2 Ne6 19. b4 Ncd4 20. Bxd4 Nxd4 21. Qb2 Bxe4 22. dxe4 Nxe2+ 23. Qxe2 Rd4 24. Rfb1 cxb4 25. axb4 b6 26. c5 bxc5 27. bxc5 Qxc5 28. Rb7 Rfd8 29. Raxa7 Qc1+ 30. Kh2 Qf4+ 31. g3 Qh6 32. Qg4 g5 33.
Qe6+ Kh8 34. Rxh7+ Qxh7 35. Qxf6+ Kg8 36. Qxg5+ Kh8 37.
Qxe5+ Kg8 38. Qe6+ Kh8 39. Rxh7+ Kxh7 40. h4 R4d6 41.
Qe7+ Kg8 42. f4 R6d7 43. Qe6+ Kf8 44. e5 Kg7 45. Kh3 Kh7 46. h5 Kh8 47. Qf6+ Kg8 48. e6 Rd1 49. Qf7+ Kh8 1-0